AoeStats
← esteban.araya.santander

Arabia

508299941Analyzed
1v1 RM · 9d ago on Sep 21, 2026· 52m 44s· 2 players
Game mode
Random Map
Map size
Tiny (2 player)
Population
200
Speed
Normal
Resources
Standard
Victory
Conquest
Starting age
Dark Age
Ending age
Imperial Age
RankedLock teamsTeams togetherTeam positionsShared explorationLock speedFull tech treeHidden civsTurbo modeCheats
Victory
Defeat
🇫🇷 Franks · France
302
+15
284
-15
esteban.araya.santander
14:08 Feudal Age
15:32 Wheelbarrow
14:48 Horse Collar
15:03 Gold Mining
15:02 Double-Bit Axe
14:57 Man-at-Arms
19:43 Stone Mining
24:22 Castle Age
23:24 Forging
23:25 Scale Mail Armor
24:06 Padded Archer Armor
24:00 Fletching
25:38 Hand Cart
25:55 Heavy Plow
27:19 Bow Saw
26:58 Pikeman
28:42 Gold Shaft Mining
28:17 Crossbowman
29:04 Thumb Ring
30:05 Bodkin Arrow
32:51 Long Swordsman
39:12 Imperial Age
38:36 Chain Mail Armor
38:58 Iron Casting
39:17 Squires
41:21 Two-Man Saw
41:11 Crop Rotation
41:14 Arson
42:56 Halberdier
43:06 Two-Handed Swordsman
43:35 Gambesons
44:41 Plate Mail Armor
48:15 Conscription
47:29 Champion
51:53 Scale Barding Armor
51:18 Cavalier
52:00 Husbandry
HALOF
1:28 Loom
14:12 Feudal Age
16:52 Double-Bit Axe
17:31 Gold Mining
20:35 Castle Age
19:18 Forging
19:57 Scale Barding Armor
22:24 Stone Mining
29:44 Iron Casting
29:35 Bow Saw
35:17 Imperial Age
34:45 Wheelbarrow
34:54 Gold Shaft Mining
36:48 Hand Cart
36:30 Cavalier
38:16 Blast Furnace
38:28 Elite Throwing Axeman
42:29 Chivalry
42:55 Paladin
45:01 #83
51:28 Chain Barding Armor
Connection lost

Rejoining the realm…

Still unreachable

The connection could not be restored.

Session expired

The server has moved on; the page needs a fresh start.